Map: Dusk Towers

Players

FalcaoDoidao

  • Race: Zerg Zerg

xKawaiian - Winner!

  • Race: Terran Terran
  • League: Master

VOD

Have the link to the VOD?

Description

Time

  • Played on: Jan. 13, 2016, 11:11 p.m.
  • Length: 11:37
Show
View Real Time Build Order
Export as new Build Order

FalcaoDoidao Zerg 

Build Orders: Hatch First, Muta Ling Bane 

Get SALT Encoding   

  12  0:01  Drone  
  13  0:12  Overlord  
  13  0:17  Drone  
  14  0:31  Drone x2  
  14  0:35  Drone  
  17  0:46  Drone  
  18  0:56  Hatchery  
  17  0:58  Drone  
  17  1:04  Extractor  
  17  1:12  Spawning Pool  
  17  1:15  Drone  
  17  1:18  Drone  
  18  1:29  Drone  
  19  1:38  Overlord  
  19  2:00  Queen, Zergling x2  
  22  2:07  Queen, Zergling x2  
  25  2:09  Metabolic Boost, Zergling x2  
  25  2:12  Drone  
  27  2:22  Drone x2  
  29  2:47  Hatchery, Drone x4  
  32  2:51  Queen  
  32  2:56  Overlord  
  34  3:10  Drone x2  
  36  3:13  Queen  
  36  3:17  Drone x3  
  41  3:23  Overlord  
  41  3:24  Drone  
  42  3:28  Drone x2  
  44  3:39  Overlord  
  44  3:42  Drone x3  
  44  3:46  Drone  
  48  3:56  Drone x2  
  48  4:00  Queen  
  48  4:01  Drone  
  48  4:02  Lair, Drone  
  54  4:05  Drone  
  55  4:10  Queen  
  55  4:12  Extractor  
  55  4:15  Drone  
  55  4:16  Drone x2  
  59  4:20  Overlord  
  59  4:30  Overlord  
  59  4:34  Overlord x2  
  59  4:39  Drone  
  59  4:40  Drone x5  
  59  4:41  Drone  
  66  4:49  Drone x2, Spine Crawler, Extractor  
  66  4:50  Drone  
  66  4:51  Drone  
  68  4:57  Drone x4  
  72  5:01  Overseer  
  72  5:04  Drone x2  
  72  5:05  Drone  
  74  5:08  Zergling x2, Extractor  
  74  5:09  Zergling x4  
  74  5:12  Zergling x2  
  77  5:16  Zergling x2  
  77  5:17  Zergling x2  
  77  5:18  Baneling Nest  
  78  5:22  Spire, Zergling x2  
  78  5:27  Drone  
  78  5:28  Drone x2, Zergling x2  
  81  5:33  Drone, Overlord  
  81  5:34  Zergling x2  
  81  5:35  Zergling x2  
  85  5:38  Queen  
  85  5:42  Spore Crawler  
  86  5:48  Zergling x6  
  89  5:50  Overlord x2  
  89  5:53  Queen x2  
  91  6:11  Drone x3  
  93  6:12  Drone x3, Overlord, Extractor  
  96  6:20  Drone x3  
  96  6:21  Drone  
  96  6:23  Drone  
  96  6:24  Drone  
  102  6:25  Baneling  
  102  6:26  Baneling x2  
  102  6:35  Drone  
  102  6:36  Drone x2  
  102  6:51  Overlord  
  102  6:56  Drone x3  
  102  6:57  Extractor  
  102  6:58  Queen  
  102  6:59  Overlord  
  103  7:02  Drone  
  103  7:03  Spire  
  103  7:16  Drone  
  103  7:17  Drone  
  103  7:19  Drone x3  
  103  7:20  Drone  
  109  7:28  Centrifical Hooks  
  109  7:31  Evolution Chamber  
  109  7:32  Evolution Chamber, Zergling x6  
  109  7:35  Zergling x4  
  109  7:36  Hatchery, Zergling x4  
  113  7:42  Drone  
  114  7:45  Infestation Pit  
  114  7:50  Queen  
  116  7:51  Zergling x6  
  116  7:52  Hatchery  
  116  7:53  Hatchery, Zergling x6  
  116  7:54  Zergling x2  
  116  7:57  Baneling  
  116  7:58  Zergling x2, Baneling x19  
  120  8:02  Zerg Melee Weapons Level 1  
  120  8:03  Zergling x2  
  120  8:04  Overlord, Zerg Ground Armor Level 1  
  120  8:05  Overlord x2  
  122  8:17  Zerg Flyer Weapons Level 1  
  122  8:24  Baneling  
  122  8:25  Baneling  
  96  8:34  Zergling x2  
  96  8:35  Zergling x22  
  96  8:38  Zergling x4  
  96  8:40  Baneling x2  
  96  8:41  Zergling x6  
  109  8:49  Zergling x6  
  109  8:55  Baneling x2  
  108  8:56  Baneling x8  
  108  9:00  Mutalisk x3  
  108  9:01  Mutalisk x3  
  108  9:02  Hatchery  
  118  9:11  Mutalisk x2  
  122  9:18  Zergling x2  
  122  9:19  Zergling x6  
  124  9:25  Mutalisk x2  
  124  9:28  Hatchery, Zergling x6  
  128  9:32  Mutalisk x2  
  132  9:40  Zergling x10  
  132  9:41  Baneling x5  
  132  9:42  Baneling x4  
  132  9:45  Overseer x2  
  137  9:50  Baneling x2  
  137  9:51  Zergling x8, Baneling x2  
  141  9:54  Baneling  
  139  10:13  Zergling x4  
  139  10:14  Zergling x24  
  128  10:22  Zergling x8  
  126  10:29  Zergling x2  
  126  10:31  Baneling x2  
  124  10:39  Zergling x2  
  124  10:40  Zergling x6  
  124  10:41  Baneling x2  
  120  10:46  Baneling  
  120  10:47  Baneling x15  
  120  10:48  Drone x3, Baneling  
  123  10:51  Extractor x2  
  123  10:52  Mutalisk x3  
  123  10:56  Baneling x4  
  127  11:05  Mutalisk x2  
  127  11:08  Zergling x6  
Show
View Real Time Build Order
Export as new Build Order

xKawaiian Terran - Winner!

Build Orders: Reaper Expand, MMM Bio 

Get SALT Encoding   

  12  0:02  SCV  
  13  0:14  SCV  
  13  0:18  Supply Depot  
  14  0:26  SCV  
  15  0:40  SCV  
  15  0:42  Barracks  
  16  0:47  Refinery  
  16  0:52  SCV  
  18  1:04  SCV  
  18  1:16  SCV  
  19  1:28  Orbital Command  
  19  1:30  Reaper  
  20  1:41  Command Center  
  20  1:52  Supply Depot  
  21  1:54  SCV  
  21  2:03  Barracks Reactor  
  21  2:06  SCV  
  21  2:07  Barracks  
  22  2:18  SCV  
  22  2:19  Barracks  
  23  2:30  SCV  
  24  2:42  SCV, Marine x2  
  27  2:53  Orbital Command  
  27  2:54  SCV  
  27  2:55  Barracks Tech Lab  
  28  3:02  Marine x2  
  30  3:06  SCV  
  30  3:07  Marine  
  30  3:09  Factory  
  32  3:14  Refinery  
  32  3:17  Stimpack  
  32  3:19  SCV  
  33  3:20  Marine  
  33  3:23  Marine x2  
  33  3:25  Marine  
  37  3:27  SCV  
  37  3:31  SCV  
  39  3:38  Marine  
  39  3:39  SCV  
  39  3:41  Supply Depot, Marine  
  41  3:42  Marine  
  41  3:43  SCV, Marine  
  45  3:51  SCV  
  45  3:55  Starport  
  46  3:56  Factory Reactor  
  46  4:00  Supply Depot  
  46  4:03  SCV x2  
  46  4:05  Supply Depot  
  46  4:06  Marine  
  46  4:07  Marine  
  46  4:09  Marine  
  51  4:11  Marine  
  51  4:15  SCV x2  
  54  4:24  Marine  
  55  4:27  SCV  
  55  4:28  Supply Depot, Marine  
  55  4:29  Marine  
  55  4:31  SCV  
  59  4:32  Supply Depot, Marine  
  60  4:39  SCV, Medivac x2  
  60  4:43  SCV, Factory Reactor  
  66  4:49  Marine  
  66  4:51  SCV  
  68  4:55  Command Center  
  68  4:56  SCV  
  68  4:58  Marine x2  
  71  5:04  Marine  
  71  5:05  SCV  
  71  5:07  Marine  
  73  5:08  SCV  
  75  5:17  SCV, Engineering Bay  
  75  5:18  Engineering Bay  
  75  5:20  Barracks Reactor  
  76  5:22  Refinery  
  76  5:23  Refinery, Medivac  
  76  5:24  SCV  
  76  5:26  Combat Shields  
  79  5:29  SCV, Hellion  
  82  5:36  SCV  
  82  5:37  Supply Depot  
  82  5:39  Supply Depot  
  82  5:40  Marine x2  
  85  5:43  Marine  
  85  5:49  Terran Infantry Weapons Level 1  
  86  5:54  Terran Infantry Armor Level 1  
  86  5:59  Marine x2  
  86  6:00  Marine  
  87  6:10  Marine x2  
  87  6:11  SCV  
  85  6:12  Missile Turret x2  
  85  6:13  Orbital Command  
  85  6:14  Hellion  
  85  6:16  Marine x2  
  85  6:18  Marine, Medivac x2  
  93  6:20  SCV  
  93  6:23  SCV  
  96  6:30  Barracks  
  96  6:37  Marine x2  
  96  6:38  Hellion x2, Marine  
  96  6:39  Marine  
  104  6:40  Barracks  
  104  6:41  Marine  
  104  6:47  Orbital Command  
  104  6:49  Medivac  
  106  6:55  Marine x2  
  106  6:56  Marine  
  106  6:59  Marauder  
  110  7:03  Marine  
  110  7:07  Medivac, Widow Mine  
  109  7:12  Marine x2  
  109  7:13  SCV x3  
  108  7:19  Medivac  
  101  7:23  Barracks Reactor  
  101  7:25  SCV x3  
  101  7:26  Marauder, Marine  
  101  7:27  Armory, Concussive Shells  
  101  7:29  Marine  
  109  7:36  Widow Mine  
  112  7:37  SCV x2, Medivac  
  112  7:38  SCV  
  112  7:41  Barracks Reactor  
  115  7:45  Command Center  
  115  7:48  Marauder  
  117  7:58  Supply Depot  
  117  8:00  Supply Depot  
  117  8:04  Refinery x2  
  117  8:11  Supply Depot  
  117  8:12  Supply Depot  
  117  8:13  Supply Depot  
  117  8:15  Terran Infantry Weapons Level 2, Terran Infantry Armor Level 2  
  117  8:20  SCV x2, Marine x6  
  117  8:22  Marauder  
  123  8:30  Marine x2  
  123  8:33  Widow Mine  
  111  8:34  Medivac, Widow Mine  
  111  8:37  Marine x5  
  111  8:38  SCV  
  121  8:42  Marine  
  121  8:43  Medivac, Marauder  
  125  8:48  Marine x2  
  125  8:54  Barracks  
  126  8:55  Marine x2  
  126  8:57  Barracks  
  126  9:02  Widow Mine x2  
  130  9:04  Medivac, Marine x3  
  130  9:05  Marauder  
  139  9:12  Marine x2  
  139  9:14  Marine  
  142  9:23  Marine x2  
  142  9:26  Marauder  
  142  9:30  Marine  
  142  9:31  Medivac, Widow Mine  
  145  9:34  SCV, Medivac  
  145  9:35  Planetary Fortress  
  145  9:37  SCV  
  153  9:40  Marine x3  
  153  9:42  Barracks Reactor  
  153  9:44  SCV  
  153  9:45  Missile Turret  
  157  9:46  Missile Turret  
  157  9:48  Marine  
  157  9:49  Marauder  
  157  9:50  Barracks Reactor  
  157  9:52  Missile Turret  
  160  10:01  Medivac  
  160  10:06  Marine  
  160  10:07  Marine  
  157  10:11  Missile Turret  
  157  10:12  Marine  
  157  10:13  Widow Mine x2, Marine  
  142  10:14  Marine  
  142  10:16  SCV x2  
  142  10:17  SCV, Marine  
  142  10:18  Marauder  
  135  10:22  Marine  
  135  10:24  Supply Depot  
  135  10:26  Supply Depot  
  135  10:27  Marine  
  131  10:32  Marine  
  130  10:39  Marine x2  
  130  10:40  Marine x3  
  130  10:41  Marauder, Marine x2  
  131  10:44  Widow Mine, Medivac  
  131  10:48  Supply Depot  
  135  10:50  Supply Depot  
  135  10:54  Widow Mine, Marine x2  
  135  10:55  Marine  
  140  11:02  Marauder  
  140  11:03  Marine x2  
  140  11:04  Marine  
  144  11:05  Marine  
  144  11:11  Marine x2  
  146  11:13  Marine  
  146  11:14  Marine  
  146  11:15  Marine  
  145  11:25  Factory  
  136  11:26  Factory, Starport  
  136  11:27  Fusion Core  
Tags
 
Add a new tag
Caveats
  • Supply blocks, unpowered buildings, or Contaminate may cause inaccurate times.
  • Supply counts are checked every 10 seconds.